[Event "ICC tourney 2217 (45 10)"]
[Site "Internet Chess Club"]
[Date "2020.12.19"]
[Round "4"]
[White "Abror"]
[Black "stephenwilly"]
[Result "1-0"]
[ICCResult "Black checkmated"]
[WhiteElo "1635"]
[BlackElo "1496"]
[Opening "Center game"]
[ECO "C21"]
[NIC "KP.04"]
[Time "17:31:51"]
[PlyCount "129"]
[TimeControl "2700+10"]

1. e4 e5 2. d4 exd4 3. Nf3 d5 4. Qxd4 Be6 5. Nc3 c5 6. Bb5+ Nd7 7. Qd3 dxe4
8. Nxe4 Be7 9. O-O Nf6 10. Nd6+ Bxd6 11. Qxd6 Qe7 12. Qxe7+ Kxe7 13. Ng5 h6
14. Nxe6 fxe6 15. Re1 a6 16. Bc4 Rhe8 17. Rxe6+ Kf8 18. Bf4 Ne4 19. Re1 b5
20. R1xe4 bxc4 21. Bd6+ Kf7 22. Re7+ Rxe7 23. Rxe7+ Kf6 24. Rxd7 Ke6 25.
Rxg7 Kxd6 26. Rg6+ Kd5 27. Rxh6 Re8 28. Kf1 Kd4 29. Rh4+ Kd5 30. f3 a5 31.
Re4 Rh8 32. h4 a4 33. c3 Rb8 34. Re2 Rh8 35. g3 a3 36. bxa3 Ra8 37. Rc2
Rxa3 38. Ke2 Ra8 39. Ke3 Re8+ 40. Kf2 Rf8 41. a4 Ra8 42. Ra2 Rb8 43. a5 Rb3
44. a6 Rxc3 45. a7 Rd3 46. a8=Q+ Kd4 47. Rc2 Re3 48. Rd2+ Rd3 49. Qd8+ Kc3
50. Rxd3+ cxd3 51. Ke3 c4 52. Qd4+ Kb3 53. h5 c3 54. Qxd3 Kb2 55. Qxc3+
Kxc3 56. h6 Kb3 57. h7 Ka2 58. h8=Q Ka3 59. Qb8 Ka4 60. Qb6 Ka3 61. Qb5 Ka2
62. Qb4 Ka1 63. Kd2 Ka2 64. Kc2 Ka1 65. Qa4# { Black checkmated } 1-0

[Event "ICC tourney 2217 (45 10)"]
[Site "Internet Chess Club"]
[Date "2020.12.19"]
[Round "4"]
[White "trucker"]
[Black "smartgoldfish"]
[Result "1-0"]
[ICCResult "Black checkmated"]
[WhiteElo "1610"]
[BlackElo "1181"]
[Opening "Ruy Lopez: closed, Pilnik variation"]
[ECO "C90"]
[NIC "RL.19"]
[Time "17:31:53"]
[PlyCount "65"]
[TimeControl "2700+10"]

1. e4 e5 2. Nf3 Nc6 3. Bb5 a6 4. Ba4 Nf6 5. O-O Be7 6. Re1 b5 7. Bb3 d6 8.
c3 O-O 9. d3 Na5 10. Bc2 c5 11. Nbd2 Bg4 12. h3 Bh5 13. Nf1 h6 14. Ng3 Bg6
15. Nh4 Bh7 16. Nhf5 Re8 17. Qf3 Bf8 18. Bd2 Nc6 19. a4 Nd7 20. axb5 axb5
21. Bb3 Qf6 22. Nh5 Qg6 23. Nh4 Rxa1 24. Rxa1 c4 25. Nxg6 fxg6 26. dxc4
bxc4 27. Bxc4+ Kh8 28. Ng3 Nf6 29. Bxh6 Nxe4 30. Nxe4 gxh6 31. Nxd6 Nd4 32.
cxd4 Bxd6 33. Qf6# { Black checkmated } 1-0

[Event "ICC tourney 2217 (45 10)"]
[Site "Internet Chess Club"]
[Date "2020.12.19"]
[Round "4"]
[White "phosur"]
[Black "ElijahL2020"]
[Result "1-0"]
[ICCResult "Black resigns"]
[WhiteElo "1347"]
[BlackElo "1311"]
[Opening "Giuoco Piano"]
[ECO "C54"]
[NIC "IG.02"]
[Time "17:31:47"]
[PlyCount "69"]
[TimeControl "2700+10"]

1. e4 e5 2. Nf3 Nc6 3. Bc4 Bc5 4. c3 Nf6 5. d3 d6 6. O-O O-O 7. h3 Be6 8.
Bb3 Ne7 9. Re1 Ng6 10. Nbd2 Qd7 11. Nf1 Nh5 12. Ng3 Nxg3 13. d4 exd4 14.
cxd4 Bb4 15. fxg3 Bxe1 16. Qxe1 Bxb3 17. axb3 d5 18. e5 Rfe8 19. Nh4 Nxh4
20. gxh4 f6 21. Qg3 c5 22. exf6 cxd4 23. Bh6 g6 24. h5 Qf7 25. Rf1 Re6 26.
Bg7 Re3 27. Qg5 Rae8 28. hxg6 Qxg6 29. f7+ Kxg7 30. fxe8=Q Rxe8 31. Qxd5
Qe6 32. Qxd4+ Kg8 33. Kh1 Qe4 34. Qf2 Qg6 35. Qxa7 { Black resigns } 1-0

[Event "ICC tourney 2217 (45 10)"]
[Site "Internet Chess Club"]
[Date "2020.12.19"]
[Round "4"]
[White "handsomematch"]
[Black "edenhe"]
[Result "0-1"]
[ICCResult "White resigns"]
[WhiteElo "1226"]
[BlackElo "1518"]
[Opening "French: Rubinstein variation"]
[ECO "C03"]
[NIC "FR.07"]
[Time "17:31:51"]
[PlyCount "98"]
[TimeControl "2700+10"]

1. e4 e6 2. d4 d5 3. Nd2 dxe4 4. Nxe4 Nd7 5. Nf3 Ngf6 6. Bd3 Be7 7. O-O O-O
8. c3 b6 9. Qc2 Bb7 10. Re1 h6 11. Bd2 c5 12. Nxf6+ Nxf6 13. Be3 cxd4 14.
Bxd4 Bxf3 15. gxf3 Rc8 16. Rad1 Qc7 17. Be5 Qb7 18. Qe2 Rc5 19. Bg3 Rd8 20.
Be4 Nxe4 21. fxe4 Rcc8 22. Qc2 Qa6 23. a3 Qc4 24. Rxd8+ Rxd8 25. Re3 Bg5
26. Re1 Rd2 27. Qb1 Qb3 28. f4 Be7 29. Qc1 Qxb2 30. Qxb2 Rxb2 31. Rd1 Bxa3
32. Ra1 Rb3 33. Be1 a5 34. Kg2 b5 35. Kf3 a4 36. Ke3 Bc5+ 37. Kd3 Kf8 38.
Kc2 Ke7 39. Rb1 Rxb1 40. Kxb1 Kd6 41. Kc2 Be3 42. Bg3 Kc5 43. Kb2 Kc4 44.
f5 h5 45. h3 g6 46. fxg6 fxg6 47. e5 Bd2 48. Kc2 Bxc3 49. Bf2 Bxe5 { White
resigns } 0-1

[Event "ICC tourney 2217 (45 10)"]
[Site "Internet Chess Club"]
[Date "2020.12.19"]
[Round "4"]
[White "theSwishyj"]
[Black "AdrielBarretto"]
[Result "1-0"]
[ICCResult "Black checkmated"]
[WhiteElo "838"]
[BlackElo "1419"]
[Opening "Sicilian: Alapin's variation (2.c3)"]
[ECO "B22"]
[NIC "SI.46"]
[Time "17:31:59"]
[PlyCount "135"]
[TimeControl "2700+10"]

1. e4 c5 2. c3 d6 3. d4 cxd4 4. cxd4 g6 5. Nf3 Bg7 6. Bb5+ Bd7 7. Bxd7+
Nxd7 8. O-O Ngf6 9. Nbd2 O-O 10. b3 Rc8 11. Bb2 e6 12. Rc1 Qa5 13. Nc4 Qc7
14. e5 dxe5 15. Ncxe5 Qd8 16. Nc4 Nb6 17. Ba3 Nxc4 18. Bxf8 Qxf8 19. Rxc4
Rxc4 20. bxc4 Qb4 21. Qb3 Qe7 22. Rb1 b6 23. Ne5 Ne4 24. Qb4 Qb7 25. c5
Bxe5 26. dxe5 Nxc5 27. Rd1 Qa6 28. Rd8+ Kg7 29. Qh4 Qe2 30. g3 Ne4 31. Qf4
g5 32. Qe3 Qxe3 33. fxe3 Nc3 34. Rd2 a5 35. Rc2 Nd5 36. e4 Nb4 37. Rb2 Nd3
38. Rxb6 Nxe5 39. Rb5 Nc4 40. Rxg5+ Kf6 41. Rc5 Nd2 42. e5+ Ke7 43. Rxa5
Nc4 44. Ra7+ Ke8 45. Ra8+ Ke7 46. Rh8 Nxe5 47. Rxh7 Kd6 48. Rh8 Kc5 49. Rb8
Nd7 50. Rb1 Nb6 51. h4 e5 52. Kf2 Nd5 53. h5 Nf6 54. Rh1 Kd4 55. h6 Ng4+
56. Ke2 Nxh6 57. Rxh6 f5 58. Rh4+ Kc5 59. Rh5 Kd4 60. Rxf5 e4 61. Rf8 Ke5
62. g4 Kd4 63. g5 Ke5 64. g6 Kd4 65. g7 Ke5 66. g8=Q Kd4 67. Rd8+ Kc3 68.
Qb3# { Black checkmated } 1-0

[Event "ICC tourney 2217 (45 10)"]
[Site "Internet Chess Club"]
[Date "2020.12.19"]
[Round "4"]
[White "dangdang2000"]
[Black "hello12"]
[Result "1-0"]
[ICCResult "Black resigns"]
[WhiteElo "1326"]
[BlackElo "1475"]
[Opening "Sicilian: Anderssen variation"]
[ECO "B41"]
[NIC "SI.41"]
[Time "17:31:50"]
[PlyCount "85"]
[TimeControl "2700+10"]

1. e4 c5 2. Nf3 e6 3. d4 cxd4 4. Nxd4 Nf6 5. Nc3 Nc6 6. Bg5 h6 7. Bf4 Bb4
8. Nxc6 bxc6 9. Qd4 Ba5 10. Bd3 Bb6 11. Qc4 d5 12. Qxc6+ Bd7 13. Qd6 Rc8
14. Qb4 Bc5 15. Qb3 Rc6 16. exd5 exd5 17. Nxd5 O-O 18. O-O Be6 19. Nxf6+
Qxf6 20. Qa4 Bd5 21. c3 Rd8 22. Rad1 Rb6 23. Bc7 Qg5 24. Be4 Rg6 25. Bxd5
Rxd5 26. Qe8+ Kh7 27. Bg3 h5 28. Qe4 Rf5 29. Rd3 Re6 30. Qc4 Rh6 31. Qe4
Re6 32. Qc4 Be7 33. Rd4 Rh6 34. Bh4 Qg6 35. Bxe7 f6 36. Rd8 Qg5 37. Qg8+
Kg6 38. Qe8+ Kh7 39. Qg8+ Kg6 40. Bf8 Rh7 41. Rd7 Kh6 42. Bxg7+ Rxg7 43.
Qh8+ { Black resigns } 1-0

[Event "ICC tourney 2217 (45 10)"]
[Site "Internet Chess Club"]
[Date "2020.12.19"]
[Round "4"]
[White "UltimateDL"]
[Black "wildrumpus"]
[Result "1-0"]
[ICCResult "Black resigns"]
[WhiteElo "1480"]
[BlackElo "1535"]
[Opening "Caro-Kann: exchange variation"]
[ECO "B13"]
[NIC "CK.02"]
[Time "17:31:58"]
[PlyCount "73"]
[TimeControl "2700+10"]

1. e4 c6 2. d4 d5 3. exd5 cxd5 4. Bd3 Nf6 5. c3 Bg4 6. Qb3 Qc7 7. Ne2 Bxe2
8. Bxe2 e6 9. O-O a6 10. Bf4 Qd7 11. Bxb8 Rxb8 12. Bxa6 Qc7 13. Bb5+ Nd7
14. Nd2 Bd6 15. Nf3 Ke7 16. Rfe1 Nf6 17. c4 Rbg8 18. cxd5 Ng4 19. h3 Nxf2
20. dxe6 Nxh3+ 21. gxh3 f6 22. Rac1 Qb8 23. Nh4 Bh2+ 24. Kh1 g6 25. Rf1 Bg3
26. Ng2 h5 27. Qa3+ Bd6 28. Qf3 Rf8 29. Nh4 Rhg8 30. Qe3 f5 31. Qh6 Rf6 32.
Qh7+ Kf8 33. Nxg6+ Rgxg6 34. Qh8+ Ke7 35. Qh7+ Kf8 36. Rc7 Qxc7 37. Qh8+ {
Black resigns } 1-0

[Event "ICC tourney 2217 (45 10)"]
[Site "Internet Chess Club"]
[Date "2020.12.19"]
[Round "4"]
[White "isaaclharris"]
[Black "RishiMurali"]
[Result "1-0"]
[ICCResult "Black checkmated"]
[WhiteElo "1511"]
[BlackElo "1664"]
[Opening "QGD: Marshall defense"]
[ECO "A50"]
[NIC "QP.07"]
[Time "17:31:50"]
[PlyCount "123"]
[TimeControl "2700+10"]

1. d4 Nf6 2. c4 d5 3. Bg5 c5 4. e3 cxd4 5. exd4 e6 6. Nf3 h6 7. Bh4 Be7 8.
Nc3 Nc6 9. cxd5 exd5 10. Bb5 a6 11. Ba4 b5 12. Bb3 Be6 13. O-O O-O 14. Re1
Re8 15. Qd2 Ne4 16. Nxe4 Bxh4 17. Nc3 Bf6 18. Re3 b4 19. Na4 Bd7 20. Rae1
Be6 21. Nc5 Qb6 22. Nxe6 fxe6 23. Rxe6 Rxe6 24. Rxe6 Qb5 25. Ne5 Bxe5 26.
dxe5 Rd8 27. Rd6 Rxd6 28. exd6 Kf8 29. Bxd5 Ke8 30. Qe3+ Kd8 31. Qf3 Nd4
32. Qe4 Qe8 33. f3 Kd7 34. Kf2 Qxe4 35. fxe4 Kxd6 36. Ke3 Nc2+ 37. Kd3 Ne1+
38. Kc4 a5 39. Kb5 Nd3 40. Kxa5 Nxb2 41. Kxb4 Nd3+ 42. Kb5 Kc7 43. a4 Kb8
44. a5 Ka7 45. a6 g5 46. Bb7 g4 47. Kc4 Ne5+ 48. Kd5 Nd7 49. e5 g3 50. h3
h5 51. e6 Nf6+ 52. Ke5 Nd7+ 53. exd7 h4 54. Kd6 Kb6 55. d8=Q+ Ka7 56. Qa8+
Kb6 57. Kd7 Ka5 58. Kc7 Ka4 59. Bc6+ Ka5 60. a7 Ka6 61. Qb7+ Ka5 62. Qb5# {
Black checkmated } 1-0

[Event "ICC tourney 2217 (45 10)"]
[Site "Internet Chess Club"]
[Date "2020.12.19"]
[Round "4"]
[White "narayan0811"]
[Black "JudeNYC"]
[Result "0-1"]
[ICCResult "White resigns"]
[WhiteElo "1356"]
[BlackElo "1581"]
[Opening "Caro-Kann: Panov-Botvinnik attack"]
[ECO "B13"]
[NIC "CK.03"]
[Time "17:32:01"]
[PlyCount "96"]
[TimeControl "2700+10"]

1. e4 c6 2. d4 d5 3. exd5 cxd5 4. c4 Nf6 5. Nc3 Nc6 6. Nf3 Bg4 7. cxd5 Nxd5
8. Be2 e6 9. O-O Be7 10. Be3 O-O 11. Rc1 Rc8 12. a3 a5 13. Qb3 Qd7 14. Nxd5
Qxd5 15. Qxb7 Nxd4 16. Qxc8 Nxe2+ 17. Kh1 Bxf3 18. Rg1 Rxc8 19. Rxc8+ Bf8
20. gxf3 Nxg1 21. Kxg1 Qxf3 22. Bc5 Qd1+ 23. Kg2 Qd5+ 24. f3 Qxc5 25. Rxc5
Bxc5 26. Kf1 Kf8 27. Ke2 Ke7 28. Kd3 Kf6 29. Kc4 Bb6 30. Kb5 Bd8 31. Kc6 a4
32. Kb5 Bc7 33. h3 Be5 34. Kxa4 Bxb2 35. Kb3 Be5 36. a4 Kf5 37. Kb4 Kf4 38.
Kc5 Kxf3 39. a5 Bf4 40. a6 Be3+ 41. Kd6 Bd4 42. Ke7 e5 43. Kxf7 e4 44. a7
Bxa7 45. Kxg7 e3 46. Kxh7 Kg3 47. Kg6 Kxh3 48. Kf5 e2 { White resigns } 0-1

[Event "ICC tourney 2217 (45 10)"]
[Site "Internet Chess Club"]
[Date "2020.12.19"]
[Round "4"]
[White "Elias1302"]
[Black "Mannansh"]
[Result "1-0"]
[ICCResult "Black resigns"]
[WhiteElo "1609"]
[BlackElo "1257"]
[Opening "Scandinavian defense"]
[ECO "B01"]
[NIC "SD.03"]
[Time "17:31:55"]
[PlyCount "49"]
[TimeControl "2700+10"]

1. e4 d5 2. exd5 Nf6 3. d4 Bg4 4. Be2 Bxe2 5. Qxe2 Qxd5 6. Nf3 e6 7. O-O
Nc6 8. Rd1 O-O-O 9. c4 Qd7 10. Nc3 g6 11. d5 exd5 12. cxd5 Nb4 13. Nb5 a6
14. Bg5 Bg7 15. Nc3 h6 16. Bh4 g5 17. Bg3 Nbxd5 18. Nxd5 Nxd5 19. Rac1 c6
20. Qc4 Bxb2 21. Rb1 Bg7 22. Qc5 Rde8 23. Qa7 Kd8 24. Rxb7 Qe6 25. Rb8+ {
Black resigns } 1-0

[Event "ICC tourney 2217 (45 10)"]
[Site "Internet Chess Club"]
[Date "2020.12.19"]
[Round "4"]
[White "AbnormalPlot"]
[Black "Eagle2020"]
[Result "0-1"]
[ICCResult "White resigns"]
[WhiteElo "1616"]
[BlackElo "1505"]
[Opening "QGD: Harrwitz attack"]
[ECO "D35"]
[NIC "QO.16"]
[Time "17:31:48"]
[PlyCount "100"]
[TimeControl "2700+10"]

1. d4 e6 2. c4 d5 3. Nc3 Nf6 4. Bf4 g6 5. e3 Bg7 6. Bd3 Nbd7 7. h4 h5 8.
Bg5 c6 9. Qc2 Bh6 10. Nf3 dxc4 11. Bxg6 Bg7 12. Ne5 Rf8 13. Bxh5 Qc7 14.
Nxf7 Nxh5 15. Nd8 Ndf6 16. Qg6+ Kxd8 17. Qxh5 Bd7 18. e4 Be8 19. Qe2 Kd7
20. Rd1 Bh5 21. f3 Qg3+ 22. Kd2 Nh7 23. Rh3 Qd6 24. Kc1 Nxg5 25. hxg5 Qf4+
26. Qd2 Bg6 27. Qxf4 Rxf4 28. Ne2 Rff8 29. a3 Rad8 30. Nc3 Ke7 31. Ne2 b5
32. e5 a5 33. f4 Bd3 34. g6 Bxe2 35. Rh7 Bxd1 36. Rxg7+ Ke8 37. Kxd1 Rxd4+
38. Ke2 Rdxf4 39. Rc7 Rg4 40. Rc8+ Ke7 41. Rc7+ Kd8 42. Ra7 Rxg2+ 43. Ke3
Rxg6 44. Rxa5 Rf5 45. Ra8+ Kc7 46. Ra7+ Kb6 47. Re7 Rxe5+ 48. Kf4 Rgg5 49.
Re8 Rgf5+ 50. Kg3 Re1 { White resigns } 0-1

[Event "ICC tourney 2217 (45 10)"]
[Site "Internet Chess Club"]
[Date "2020.12.19"]
[Round "5"]
[White "AdrielBarretto"]
[Black "cohaji"]
[Result "1-0"]
[ICCResult "Black resigns"]
[WhiteElo "1419"]
[BlackElo "1500"]
[Opening "Scandinavian (center counter) defense"]
[ECO "B01"]
[NIC "VO.17"]
[Time "20:00:55"]
[PlyCount "75"]
[TimeControl "2700+10"]

1. e4 d5 2. exd5 Qxd5 3. d4 Nf6 4. Be3 c6 5. Nf3 e6 6. c4 Qa5+ 7. Nc3 Bb4
8. Qc2 Bd7 9. Bd3 O-O 10. O-O Re8 11. Bg5 Be7 12. Bxf6 Bxf6 13. Bxh7+ Kf8
14. Bd3 Na6 15. a3 Rad8 16. Rfd1 Bc8 17. Be4 e5 18. d5 cxd5 19. Nxd5 Be7
20. Nxe7 Rxe7 21. Rxd8+ Qxd8 22. Rd1 Qb6 23. b4 f5 24. Bd5 e4 25. Nd4 e3
26. fxe3 Rxe3 27. Kh1 Qxd4 28. h3 Qe5 29. Qd2 Nc7 30. Bf3 Ne6 31. Bd5 Rxa3
32. Bxe6 Qxe6 33. Qg5 Re3 34. Rd8+ Kf7 35. Qh5+ Kf6 36. Rf8+ Ke5 37. Re8
Rxh3+ 38. gxh3 { Black resigns } 1-0

[Event "ICC tourney 2217 (45 10)"]
[Site "Internet Chess Club"]
[Date "2020.12.19"]
[Round "5"]
[White "UltimateDL"]
[Black "Abror"]
[Result "0-1"]
[ICCResult "White resigns"]
[WhiteElo "1480"]
[BlackElo "1635"]
[Opening "Sicilian defense"]
[ECO "B34"]
[NIC "SI.34"]
[Time "20:01:36"]
[PlyCount "90"]
[TimeControl "2700+10"]

1. e4 c5 2. Nf3 Nc6 3. d4 cxd4 4. Nxd4 Nf6 5. Nc3 g6 6. Be3 Bg7 7. f3 O-O
8. Qd2 d5 9. exd5 Nxd5 10. Nxc6 bxc6 11. Bh6 Nxc3 12. Bxg7 Qxd2+ 13. Kxd2
Ne4+ 14. fxe4 Kxg7 15. Bd3 Be6 16. a3 Rfd8 17. Ke3 c5 18. Rad1 Rd4 19. h4
Rad8 20. Be2 Kf6 21. Rxd4 cxd4+ 22. Kf4 h6 23. g4 g5+ 24. hxg5+ hxg5+ 25.
Kf3 Ke5 26. Rh5 f6 27. Rh7 Rd7 28. Rh8 Rc7 29. Bd3 Ba2 30. Re8 Bb1 31. b4
e6 32. Ra8 Rc3 33. Rxa7 Bxc2 34. Ra5+ Kd6 35. Ra6+ Ke7 36. Ra7+ Kf8 37.
Ra8+ Kf7 38. Ke2 Bxd3+ 39. Kd2 Bxe4 40. Rd8 Rxa3 41. Rxd4 Bd5 42. b5 Rb3
43. Ke2 Rxb5 44. Rd2 Rb4 45. Ra2 Bxa2 { White resigns } 0-1

[Event "ICC tourney 2217 (45 10)"]
[Site "Internet Chess Club"]
[Date "2020.12.19"]
[Round "5"]
[White "edenhe"]
[Black "stephenwilly"]
[Result "0-1"]
[ICCResult "White checkmated"]
[WhiteElo "1518"]
[BlackElo "1496"]
[Opening "Queen's gambit declined"]
[ECO "D30"]
[NIC "QP.08"]
[Time "20:00:51"]
[PlyCount "66"]
[TimeControl "2700+10"]

1. d4 d5 2. c4 e6 3. Nf3 Nf6 4. Bf4 Bd6 5. Bxd6 Qxd6 6. c5 Qd8 7. e3 O-O 8.
Bd3 Nc6 9. O-O Re8 10. Bb5 Bd7 11. Nc3 a6 12. Bd3 e5 13. Be2 Bf5 14. a3 h6
15. b4 Ne4 16. Nxe4 dxe4 17. Ne1 exd4 18. exd4 Nxd4 19. Bc4 Qf6 20. Rc1
Rad8 21. Qh5 Re5 22. Kh1 Be6 23. Qd1 e3 24. Rg1 exf2 25. Bxe6 fxg1=Q+ 26.
Kxg1 Ne2+ 27. Qxe2 Rxe2 28. Bxf7+ Kxf7 29. Nf3 Qb2 30. Rf1 Rxg2+ 31. Kh1
Rf2 32. Ne5+ Kg8 33. Rg1 Rxh2# { White checkmated } 0-1

[Event "ICC tourney 2217 (45 10)"]
[Site "Internet Chess Club"]
[Date "2020.12.19"]
[Round "5"]
[White "bsarvagnya"]
[Black "Elias1302"]
[Result "1-0"]
[ICCResult "Black resigns"]
[WhiteElo "1276"]
[BlackElo "1609"]
[Opening "Caro-Kann: advance variation"]
[ECO "B12"]
[NIC "CK.02"]
[Time "20:01:15"]
[PlyCount "37"]
[TimeControl "2700+10"]

1. e4 c6 2. d4 d5 3. e5 e6 4. Nf3 Be7 5. Nc3 f6 6. Bf4 g5 7. exf6 Bxf6 8.
Nxg5 Bxg5 9. Qh5+ Kf8 10. Bxg5 Qd7 11. Bd3 Qg7 12. Be3 Qxg2 13. O-O-O Nf6
14. Qe5 Nbd7 15. Qxe6 h6 16. Rhg1 Qf3 17. Rg3 Qh5 18. Bg6 Ne5 19. Qxf6+ {
Black resigns } 1-0

[Event "ICC tourney 2217 (45 10)"]
[Site "Internet Chess Club"]
[Date "2020.12.19"]
[Round "5"]
[White "JudeNYC"]
[Black "BulbasaurMaster"]
[Result "1-0"]
[ICCResult "Black checkmated"]
[WhiteElo "1581"]
[BlackElo "1408"]
[Opening "Vienna gambit"]
[ECO "C29"]
[NIC "VG.04"]
[Time "20:01:36"]
[PlyCount "33"]
[TimeControl "2700+10"]

1. e4 e5 2. Nc3 Nf6 3. f4 exf4 4. e5 Qe7 5. Qe2 Ng8 6. Nf3 Nc6 7. d4 d6 8.
Nd5 Qd8 9. Nxc7+ Kd7 10. Nxa8 Be7 11. d5 Qa5+ 12. Qd2 Qxd2+ 13. Bxd2 Nxe5
14. Bb5+ Kd8 15. Ba5+ b6 16. Nxb6 axb6 17. Bxb6# { Black checkmated } 1-0

[Event "ICC tourney 2217 (45 10)"]
[Site "Internet Chess Club"]
[Date "2020.12.19"]
[Round "5"]
[White "Eagle2020"]
[Black "trucker"]
[Result "0-1"]
[ICCResult "White checkmated"]
[WhiteElo "1505"]
[BlackElo "1610"]
[Opening "Giuoco Piano"]
[ECO "C53"]
[NIC "IG.02"]
[Time "20:00:49"]
[PlyCount "60"]
[TimeControl "2700+10"]

1. e4 e5 2. Nf3 Nc6 3. Bc4 Bc5 4. c3 d6 5. d4 exd4 6. cxd4 Bb4+ 7. Nc3 Nf6
8. Ng5 O-O 9. O-O Bxc3 10. bxc3 h6 11. Nf3 Nxe4 12. Qd3 d5 13. Bb3 Bf5 14.
Qb5 Nxc3 15. Qxb7 Qd6 16. Qa6 Nxd4 17. Qa5 Nxf3+ 18. gxf3 Ne2+ 19. Kh1 Bh3
20. Re1 Qg6 21. Bg5 Qxg5 22. Rg1 Nxg1 23. Rxg1 Qf6 24. Bxd5 Rad8 25. Be4
Rd4 26. Qc3 Rfd8 27. Bb7 Rd1 28. Qb3 Rxg1+ 29. Kxg1 Qg5+ 30. Kh1 Qg2# {
White checkmated } 0-1

[Event "ICC tourney 2217 (45 10)"]
[Site "Internet Chess Club"]
[Date "2020.12.19"]
[Round "5"]
[White "hello12"]
[Black "ElijahL2020"]
[Result "0-1"]
[ICCResult "White resigns"]
[WhiteElo "1475"]
[BlackElo "1311"]
[Opening "Scotch: Potter variation"]
[ECO "C45"]
[NIC "SO.05"]
[Time "20:00:57"]
[PlyCount "108"]
[TimeControl "2700+10"]

1. e4 e5 2. Nf3 Nc6 3. d4 exd4 4. Nxd4 Bc5 5. Nb3 Bb6 6. Nc3 Nf6 7. Qe2 d6
8. Be3 Bxe3 9. Qxe3 O-O 10. f3 Re8 11. O-O-O a5 12. a4 Nb4 13. g4 c5 14. h4
c4 15. Bxc4 d5 16. Bb5 Re7 17. h5 Ne8 18. Qd4 Nc7 19. h6 Qf8 20. hxg7 Qxg7
21. Qc5 Qg5+ 22. Kb1 Ne6 23. Qf2 dxe4 24. Rh5 Qg6 25. Nxe4 h6 26. Rdh1 Kg7
27. f4 Qxe4 28. Rxh6 Nf8 29. f5 f6 30. g5 Kf7 31. gxf6 Rc7 32. Nc5 Qxc2+
33. Qxc2 Nxc2 34. Kxc2 Rxc5+ 35. Kb1 Bxf5+ 36. Ka1 Rac8 37. Ka2 Be6+ 38.
Kb1 Bf5+ 39. Ka2 Rc1 40. R1h2 Be6+ 41. b3 R8c2+ 42. Rxc2 Rxc2+ 43. Kb1 Bxb3
44. Rh3 Be6 45. Kxc2 Bxh3 46. Kc3 Kxf6 47. Kd4 Ke6 48. Kc5 Nd7+ 49. Bxd7+
Kxd7 50. Kb6 Bg2 51. Kxa5 Kc6 52. Kb4 Kb6 53. Kb3 Ka5 54. Ka3 Bc6 { White
resigns } 0-1

[Event "ICC tourney 2217 (45 10)"]
[Site "Internet Chess Club"]
[Date "2020.12.19"]
[Round "5"]
[White "RishiMurali"]
[Black "theSwishyj"]
[Result "1-0"]
[ICCResult "Black checkmated"]
[WhiteElo "1664"]
[BlackElo "838"]
[Opening "QGD Slav defense"]
[ECO "D10"]
[NIC "SL.01"]
[Time "20:00:44"]
[PlyCount "113"]
[TimeControl "2700+10"]

1. d4 c6 2. c4 d5 3. e3 Nf6 4. cxd5 cxd5 5. Nc3 Bf5 6. Bd3 Bg6 7. Nf3 e6 8.
Ne5 Be4 9. Bxe4 dxe4 10. f3 exf3 11. Qxf3 Qc8 12. Bd2 Nc6 13. Rc1 Be7 14.
Nb5 a6 15. Nxc6 bxc6 16. Rxc6 Qb7 17. Nc7+ Kf8 18. Nxa8 Qxa8 19. O-O g6 20.
Rfc1 Kg7 21. Rc7 Qd8 22. Rc8 Qxc8 23. Rxc8 Rxc8 24. Qb7 Re8 25. Qxa6 Ne4
26. Bc3 Nxc3 27. bxc3 Bh4 28. g3 Bg5 29. Qd3 Ra8 30. Qe2 h5 31. c4 f5 32.
c5 h4 33. gxh4 Bxh4 34. c6 Bg5 35. Kg2 Ra3 36. c7 Rc3 37. a4 Rxc7 38. a5
Rc3 39. a6 Rxe3 40. Qa2 f4 41. a7 f3+ 42. Kf2 Re2+ 43. Qxe2 fxe2 44. Kxe2
Bf6 45. Kd3 Kh6 46. a8=Q Kh5 47. Qf3+ Kg5 48. h4+ Kxh4 49. Qxf6+ g5 50.
Qxe6 g4 51. Qh6+ Kg3 52. d5 Kf2 53. d6 g3 54. Qf4+ Kg2 55. d7 Kh3 56. d8=Q
g2 57. Qdh4# { Black checkmated } 1-0

[Event "ICC tourney 2217 (45 10)"]
[Site "Internet Chess Club"]
[Date "2020.12.19"]
[Round "5"]
[White "adma2028"]
[Black "EricCheng-131"]
[Result "1-0"]
[ICCResult "Black resigns"]
[WhiteElo "1420"]
[BlackElo "914"]
[Opening "Queen's bishop game"]
[ECO "D00"]
[NIC "QP.08"]
[Time "20:00:45"]
[PlyCount "121"]
[TimeControl "2700+10"]

1. d4 d5 2. Bf4 Nf6 3. Nf3 Bf5 4. e3 e6 5. Bd3 Bg6 6. c3 c5 7. Qe2 Be7 8.
Nbd2 Ne4 9. Bxe4 dxe4 10. Ne5 cxd4 11. exd4 Qb6 12. Nxg6 hxg6 13. Nxe4 Nd7
14. Ng3 Nf6 15. Bg5 Nd5 16. Bxe7 Nxe7 17. Ne4 Qc7 18. g3 Qc6 19. O-O-O a5
20. Qb5 Qxb5 21. Nd6+ Kd7 22. Nxb5 Rac8 23. Kb1 Rh5 24. Na3 Rf5 25. f4 Rh8
26. Nc4 f6 27. Rdf1 Rfh5 28. g4 Rxh2 29. Rxh2 Rxh2 30. Nxa5 b6 31. Nc4 b5
32. Na3 Kc6 33. Re1 Kd7 34. Nxb5 Rg2 35. g5 fxg5 36. fxg5 Rxg5 37. Na3 Rf5
38. Nc4 g5 39. Ne3 Rf4 40. Rg1 Re4 41. Nd1 g4 42. Nf2 Rf4 43. Nxg4 Nf5 44.
Ne5+ Kd6 45. Nc4+ Kd5 46. Nd2 Rf2 47. c4+ Kxd4 48. Rg4+ Kd3 49. Nb3 Rf1+
50. Nc1+ Kd2 51. Rg2+ Ke3 52. b3 Nd4 53. Rg3+ Ke4 54. Kb2 Rxc1 55. Rg4+ Kf3
56. Rxd4 Re1 57. c5 Re5 58. c6 Rc5 59. Rc4 Re5 60. c7 Re2+ 61. Ka3 { Black
resigns } 1-0

[Event "ICC tourney 2217 (45 10)"]
[Site "Internet Chess Club"]
[Date "2020.12.19"]
[Round "5"]
[White "aChessRookie"]
[Black "isaaclharris"]
[Result "1-0"]
[ICCResult "Black resigns"]
[WhiteElo "1202"]
[BlackElo "1511"]
[Opening "French: Tarrasch, open, 4.ed ed"]
[ECO "C08"]
[NIC "FR.21"]
[Time "20:00:41"]
[PlyCount "77"]
[TimeControl "2700+10"]

1. e4 e6 2. d4 d5 3. Nd2 c5 4. exd5 exd5 5. Ngf3 Nf6 6. Bb5+ Nc6 7. O-O a6
8. Bxc6+ bxc6 9. Re1+ Be6 10. Nb3 c4 11. Nc5 Bxc5 12. dxc5 O-O 13. Bg5 Qe7
14. Qd4 Rab8 15. Bf4 Rb5 16. Bd6 Qd8 17. Bxf8 Qxf8 18. Re3 Qxc5 19. Qxc5
Rxc5 20. a4 Ne4 21. Nd4 Bd7 22. f3 Nf6 23. Rae1 Ra5 24. g4 c5 25. Nf5 Be6
26. Nd6 Rxa4 27. h3 Rb4 28. f4 g6 29. f5 Bd7 30. Re7 Rxb2 31. g5 Ne4 32.
Rxd7 gxf5 33. Nxf5 Rb8 34. Rxd5 a5 35. Rxe4 Rb1+ 36. Kf2 h6 37. Rh4 f6 38.
gxh6 Rb7 39. Rg4+ { Black resigns } 1-0

[Event "ICC tourney 2217 (45 10)"]
[Site "Internet Chess Club"]
[Date "2020.12.19"]
[Round "5"]
[White "smartgoldfish"]
[Black "phosur"]
[Result "1-0"]
[ICCResult "Black resigns"]
[WhiteElo "1181"]
[BlackElo "1347"]
[Opening "Scotch gambit: Dubois-Réti defense"]
[ECO "C55"]
[NIC "KP.02"]
[Time "20:00:47"]
[PlyCount "89"]
[TimeControl "2700+10"]

1. e4 e5 2. Nf3 Nc6 3. d4 exd4 4. Bc4 Nf6 5. e5 d5 6. Bb5 Ne4 7. Nxd4 Bd7
8. Bxc6 bxc6 9. O-O Be7 10. Nd2 c5 11. Nxe4 dxe4 12. Ne2 O-O 13. Ng3 Qc8
14. Nxe4 Bc6 15. Ng3 f5 16. Bf4 Qb7 17. f3 Qxb2 18. Qd3 Qb8 19. Nxf5 Bd8
20. Qc4+ Kh8 21. Qxc5 Rxf5 22. Qxc6 Be7 23. Bg3 Rf8 24. Rab1 Qe8 25. Qxc7
Rc8 26. Qa5 Rxc2 27. Kh1 Qd7 28. Qa6 Bc5 29. Rfd1 Qf5 30. Qa4 h5 31. Rbc1
Rxc1 32. Rxc1 Qd3 33. Qh4 g6 34. Qa4 Qe3 35. Qd1 Bb6 36. Rc2 g5 37. f4 Kg7
38. fxg5 Qxg5 39. e6 Qf6 40. Rc1 Qxe6 41. Qxh5 Qe3 42. Be5+ Rf6 43. Bxf6+
Kxf6 44. Rf1+ Ke6 45. Qe8+ { Black resigns } 1-0